 Dungeon Crawl Stone Soup version 0.24.0 (webtiles) character file.

Game seed: 15117522426751355481, levelgen mode: deterministic

14200 Mrkan the Grappler (level 11, 0/109 HPs)
             Began as a Troll Monk on Oct 25, 2019.
             Was a High Priest of Dithmenos.
             Slain by a blink frog (7 damage)
             ... on level 3 of the Lair of Beasts.
             The game lasted 00:23:56 (9929 turns).

Mrkan the Grappler (Troll Monk)                     Turns: 9929, Time: 00:23:57

Health: 0/109      AC:  9    Str: 21 (23) XL:     11   Next: 85%
Magic:  16/16      EV: 10    Int:  3 (6)  God:    Dithmenos [*****.]
Gold:   816        SH: 11    Dex: 11 (13) Spells: 10/10 levels left

rFire    . . .     SeeInvis .     - Unarmed
rCold    . . .     Gourm    +   B - +0 shield
rNeg     . . .     Faith    .   S - +0 troll leather armour
rPois    +         Spirit   .   (helmet restricted)
rElec    .         Reflect  .   r - +0 cloak {rPois}
rCorr    .         Harm     .   (gloves unavailable)
MR       .....                  (boots unavailable)
Stlth    ++........             x - amulet of regeneration
HPRegen  1.48/turn              (no ring)
MPRegen  0.15/turn              (no ring)

@: wreathed by umbra
A: large, unfitting armour, claws 3, fast metabolism 3, gourmand, regeneration
1, shaggy fur 1, tough skin 3
a: Shadow Step, Shadow Form, Renounce Religion


You were on level 3 of the Lair of Beasts.
You worshipped Dithmenos.
Dithmenos was extremely pleased with you.
You were very full.

You visited 2 branches of the dungeon, and saw 12 of its levels.
You also visited: Ossuary.

You collected 816 gold pieces.

Inventory:

Hand Weapons
 F - the cursed +0 long sword "Ymetsypn" {slice, Int+6}
   (You found it on level 6 of the Dungeon)

   It inflicts extra damage upon your enemies.
   It affects your intelligence (+6).
   It has a curse placed upon it.
 K - a +0 giant spiked club
 N - a +0 dire flail
Missiles
 p - 9 boomerangs (quivered)
 s - 428 stones
Armour
 a - a +0 robe
 r - a +0 cloak of poison resistance (worn)
 B - a +0 shield (worn)
 S - a +0 troll leather armour (worn)
 X - a +2 robe of cold resistance
 Y - a +2 robe of fire resistance
Jewellery
 x - an amulet of regeneration (around neck)
 y - an uncursed amulet of the acrobat
 G - an uncursed ring of ice
 I - a cursed -6 ring of intelligence {unknown}
 L - a +6 ring of dexterity {unknown}
 O - an uncursed ring of fire {unknown}
 Q - an uncursed ring of resist corrosion
 R - an uncursed ring of flight
 U - an uncursed amulet of magic regeneration {unknown}
Wands
 g - a wand of flame (14)
 t - a wand of scattershot (5)
 M - a wand of random effects (10)
 V - a wand of paralysis (9)
Scrolls
 d - 11 scrolls of teleportation
 e - a scroll of vulnerability {unknown}
 h - a scroll of fog
 j - 2 scrolls of enchant weapon
 k - 4 scrolls of remove curse
 l - 2 scrolls of noise
 m - 3 scrolls of immolation {unknown}
 v - 2 scrolls of brand weapon {unknown}
 w - 3 scrolls of fear
 z - 2 scrolls of amnesia
 A - 2 scrolls of magic mapping {unknown}
 E - a scroll of blinking {unknown}
 P - a scroll of silence {unknown}
Potions
 c - 3 potions of curing
 f - 2 potions of mutation {unknown}
 i - 7 potions of haste
 n - 2 potions of cancellation {unknown}
 o - 3 potions of lignification
 q - 4 potions of degeneration
 u - a potion of agility {unknown}
 C - 2 potions of ambrosia
 D - 2 potions of brilliance {unknown}
 H - a potion of flight {unknown}
 J - 2 potions of might
Miscellaneous
 T - a phantom mirror
Comestibles
 b - 22 rations
 W - 2 chunks of flesh


   Skills:
 * Level 7.5 Fighting
 + Level 5.0 Maces & Flails
 - Level 2.4 Dodging
 - Level 1.0 Stealth
 - Level 9.0 Shields
 - Level 9.1 Unarmed Combat
 - Level 8.6 Invocations


You had 10 spell levels left.
You didn't know any spells.
Your spell library contained the following spells:

 Spells                   Type           Power        Failure   Level  Hunger
 Animate Skeleton         Necr           N/A          56%         1    ##.....
 Apportation              Tloc           #.....       56%         1    ##.....
 Confusing Touch          Hex            #.....       56%         1    ##.....
 Magic Dart               Conj           #...         56%         1    ##.....
 Pain                     Necr           #...         56%         1    ##.....
 Summon Small Mammal      Summ           #...         56%         1    ##.....
 Poisonous Vapours        Pois/Air       #.....       71%         2    ###....
 Searing Ray              Conj           #.....       71%         2    ###....
 Confuse                  Hex            #.......     91%         3    ####...
 Conjure Flame            Conj/Fire      #.......     91%         3    ####...
 Dazzling Spray           Conj/Hex       #.....       91%         3    ####...
 Gell's Gravitas          Tloc           #.........   91%         3    ####...
 Mephitic Cloud           Conj/Pois/Air  #.......     91%         3    ####...
 Regeneration             Chrm/Necr      #.........   91%         3    ####...
 Vampiric Draining        Necr           #.........   91%         3    ####...
 Animate Dead             Necr           N/A          100%        4    #####..
 Force Lance              Conj/Tloc      #.......     100%        4    #####..
 Fulminant Prism          Conj/Hex       #.........   100%        4    #####..
 Iskenderun's Mystic Bla  Conj           #.......     100%        4    #####..
 Petrify                  Tmut/Erth      #.......     100%        4    #####..
 Metabolic Englaciation   Hex/Ice        #.........   100%        5    ######.
 Yara's Violent Unravell  Hex/Tmut       #.........   100%        5    ######.
 Freezing Cloud           Conj/Ice/Air   #.........   100%        6    #######
 Ring of Flames           Chrm/Fire      #.........   100%        7    #######


Dungeon Overview and Level Annotations

Branches:
Dungeon (9/15)             Temple (0/1) D:4            Lair (3/6) D:9
    Orc (0/2) D:9         Ossuary (visited)
  Swamp: Lair:2-4    Shoals: Lair:2-4     Snake: Lair:2-4    Spider: Lair:2-4

Altars:
Ashenzari
Cheibriados
Dithmenos
Elyvilon
Fedhas
Hepliaklqana
Makhleb
Nemelex Xobeh
Qazlal
Trog
Uskayaw
Vehumet
Yredelemnul
Zin

Shops:
D:9 *

Annotations:
D:5 2 transporters, Mrkan's ghost, novice GrFi


Innate Abilities, Weirdness & Mutations

You are too large for most types of armour.
You have claws for hands.
Your metabolism is lightning-fast.
You like to eat raw meat.
Your natural rate of healing is unusually fast.
You are covered in fur. (AC +1)
You have extremely tough skin. (AC +3)


Message History

The blink frog blinks!
The blink frog barely misses you.
You claw the blink frog!
The blink frog is severely wounded.
The blink frog closely misses you.
You barely miss the blink frog.
The blink frog is severely wounded.
The blink frog blinks! x2; The blink frog hits you.
* * * LOW HITPOINT WARNING * * *
The blink frog blinks!
You see here a blink frog corpse.
You claw the blink frog!
The blink frog is heavily wounded.
Your shadow barely misses the blink frog.
The blink frog misses you.
The blink frog blinks!
The blink frog hits you!
* * * LOW HITPOINT WARNING * * *
The blink frog blinks!
The blink frog hits you!
* * * LOW HITPOINT WARNING * * *
The blink frog hits you!
You die...

... #..# #.... ..F.⌠
.F.... ......#
#...§..####### #
#....@†.†..######.#
#.#..F##..#..#.P...#
#.................#
........#...........#
..#.⌠.#.#.....<.....#
.
#...#..............#
....#.#...........##
.......#...........#
#.###..####.#


You could see 3 blink frogs.

Vanquished Creatures
  Fannar (Lair:2)
  Erica (Lair:2)
  A two-headed ogre (D:8)
  4 elephants (Lair:2)
  A black mamba (Lair:1)
  2 spiny frogs
  A komodo dragon (Lair:1)
  A troll (D:9)
  5 blink frogs
  Grinder (D:5)
  3 hippogriffs
  17 yaks
  Edmund (D:4)
  3 water moccasins
  3 porcupines
  A sky beast (D:8)
  3 necrophages
  4 orc warriors
  3 ice beasts
  A black bear (D:9)
  2 phantoms
  5 ogres
  A centaur (D:7)
  5 crocodiles
  8 bullfrogs
  5 big kobolds (D:9)
  4 gnoll sergeants (D:9)
  3 scorpions
  4 wights (D:9)
  A howler monkey (D:4)
  2 crimson imps
  2 centaur zombies
  A bullfrog skeleton (D:7)
  2 hounds (D:7)
  4 jellies
  4 orc wizards
  An orc priest (D:9)
  Crazy Yiuf (D:4)
  A human zombie (Ossuary)
  A centaur skeleton (D:6)
  10 worker ants
  3 big kobold zombies (Ossuary)
  A hound zombie (Ossuary)
  4 mummies (Ossuary)
  A worker ant zombie (D:5)
  A howler monkey zombie (D:6)
  8 gnolls
  8 adders
  3 shadow imps
  An ooze (D:3)
  An adder zombie (Ossuary)
  2 adder skeletons
  5 worms
  4 dart slugs
  5 leopard geckos
  15 orcs
  7 giant cockroaches
  4 goblins
  7 hobgoblins
  4 jackals (D:3)
  8 kobolds
  4 quokkas
  2 ball pythons (D:1)
  15 bats
  4 frilled lizards
  2 gnoll zombies (Ossuary)
  A goblin zombie (Ossuary)
  A hobgoblin zombie (Ossuary)
  9 rats
  2 rat zombies (Ossuary)
  A fungus (D:9)
257 creatures vanquished.

Vanquished Creatures (others)
  A fungus (Lair:3)
1 creature vanquished.

Grand Total: 258 creatures vanquished

Notes
Turn   | Place    | Note
-------+----------+-------------------------------------------
     0 | D:1      | Mrkan the Troll Monk began the quest for the Orb.
     0 | D:1      | Reached XP level 1. HP: 22/22 MP: 0/0
   133 | D:1      | Reached XP level 2. HP: 29/29 MP: 1/1
   549 | D:1      | Reached XP level 3. HP: 36/36 MP: 2/2
  1455 | D:2      | Reached XP level 4. HP: 45/45 MP: 3/3
  1664 | D:3      | Found a bloodstained altar of Trog.
  1978 | D:3      | Reached skill level 5 in Unarmed Combat
  2013 | D:3      | Found a shadowy altar of Dithmenos.
  2035 | D:3      | Became a worshipper of Dithmenos the Shadowed
  2035 | D:3      | Reached * piety under Dithmenos
  2035 | D:3      | Reached ** piety under Dithmenos
  2315 | D:4      | Found a staircase to the Ecumenical Temple.
  2341 | D:4      | Reached XP level 5. HP: 23/53 MP: 4/4
  2392 | D:4      | Noticed Edmund
  2402 | D:4      | Killed Edmund
  2402 | D:4      | Reached XP level 6. HP: 3/61 MP: 5/5
  2451 | D:4      | Found a runed translucent door.
  2452 | D:4      | Noticed Crazy Yiuf
  2990 | D:4      | Killed Crazy Yiuf
  3078 | D:5      | Entered Level 5 of the Dungeon
  3086 | D:5      | Reached XP level 7. HP: 54/67 MP: 6/6
  3203 | D:5      | Found a transporter.
  3204 | D:5      | Found a transporter.
  3205 | D:5      | Noticed Mrkan's ghost (novice GrFi)
  3266 | D:5      | Noticed Grinder
  3276 | D:5      | Killed Grinder
  3563 | D:5      | Found a stormy altar of Qazlal.
  3989 | D:6      | Reached skill level 1 in Shields
  4015 | D:6      | Found a sand-covered staircase.
  4021 | Ossuary  | Entered an ossuary
  4047 | Ossuary  | Reached skill level 1 in Invocations
  4071 | Ossuary  | Reached XP level 8. HP: 46/75 MP: 7/7
  4088 | Ossuary  | Reached *** piety under Dithmenos
  4393 | D:6      | Got a faintly glowing long sword
  4966 | D:6      | Identified the cursed +0 long sword "Ymetsypn" {slice,
                  | Int+6} (You found it on level 6 of the Dungeon)
  5102 | D:7      | Reached skill level 5 in Shields
  5163 | D:7      | Reached XP level 9. HP: 76/81 MP: 10/10
  5900 | D:8      | Noticed a two-headed ogre
  5922 | D:8      | Killed a two-headed ogre
  5922 | D:8      | Reached skill level 5 in Invocations
  6101 | D:8      | Found a blossoming altar of Fedhas.
  6147 | D:8      | Found a hazy altar of Hepliaklqana.
  6162 | D:8      | Found a radiant altar of Vehumet.
  6163 | D:8      | Found a glowing silver altar of Zin.
  6164 | D:8      | Found a hide-covered altar of Uskayaw.
  6164 | D:8      | Found a burning altar of Makhleb.
  6164 | D:8      | Found a sparkling altar of Nemelex Xobeh.
  6164 | D:8      | Found a basalt altar of Yredelemnul.
  6165 | D:8      | Found a shattered altar of Ashenzari.
  6167 | D:8      | Found a snail-covered altar of Cheibriados.
  6376 | D:8      | Reached **** piety under Dithmenos
  6871 | D:9      | Found Namari's General Store.
  6901 | D:9      | Reached XP level 10. HP: 73/91 MP: 13/13
  6957 | D:9      | Found a white marble altar of Elyvilon.
  7315 | D:9      | Found a staircase to the Lair.
  7558 | D:9      | Found a staircase to the Orcish Mines.
  7615 | D:9      | Reached ***** piety under Dithmenos
  7925 | Lair:1   | Entered Level 1 of the Lair of Beasts
  8040 | Lair:1   | Reached skill level 1 in Maces & Flails
  8048 | Lair:1   | Reached XP level 11. HP: 48/98 MP: 16/16
  8664 | Lair:1   | Reached skill level 5 in Fighting
  9151 | Lair:2   | Found a gate leading to a gauntlet.
  9712 | Lair:2   | Noticed Erica
  9724 | Lair:2   | Noticed Fannar
  9728 | Lair:2   | Killed Erica
  9750 | Lair:2   | Killed Fannar
  9912 | Lair:3   | Reached skill level 5 in Maces & Flails
  9929 | Lair:3   | Slain by a blink frog

Levels and vault maps discovered:
D:1:      dpeg_arrival_refuge, layout_loops_ring, serial_rivers,
          chequers_serial_rivers_small_a, chequers_serial_rivers_micro_b,
          chequers_serial_rivers_marsh, chequers_serial_rivers_room_a,
          chequers_serial_rivers_marsh, chequers_serial_rivers_marsh,
          grunt_decor_resistance, st_stairs_1, minmay_strange_pillars
D:2:      layout_basic, minmay_misc_feat_tiny
D:3:      layout_rooms, grunt_dithmenos_smoke, trog_three_pillars_becter
D:4:      layout_loops_cross, minmay_temple_entry_hall, uniq_edmund,
          uniq_crazy_yiuf_cottage
D:5:      layout_basic, nicolae_qazlal_eye_of_the_storm, first_ration,
          gammafunk_ghost_arena, uniq_grinder
D:6:      layout_basic, nicolae_ossuary_entry_plus, serial_curves,
          eino_curves_01, eino_curves_02
D:7:      layout_cave_pods
D:8:      layout_gridville, kennysheep_mini, minitemple
D:9:      layout_basic, elyvilon_altar_1, grunt_lair_entry_orc_guard_hut,
          kennysheep_orc_monster_closet_entryway, serial_shops, shop
Lair:1:   layout_cave_pods, grunt_megastairs_5
Lair:2:   layout_regular_city, gauntlet_entry_generic, uniq_fannar, uniq_erica
Lair:3:   layout_regular_city, elwin_shoals_entry_stream, grunt_megastairs_1,
          uniq_snorg
